 Dungeon Crawl Stone Soup version 0.28.0-53-g5a82cb258f (webtiles) character file.

Game seed: 11586071029154633080

78 issech the Chopper (level 4, -1/41 HPs)
             Began as a Minotaur Monk on June 13, 2022.
             Slain by an iguana (11 damage)
             ... on level 4 of the Dungeon.
             The game lasted 00:04:30 (1839 turns).

issech the Chopper (Minotaur Monk)                  Turns: 1839, Time: 00:04:31

Health: -1/41      AC:  5    Str: 15    XL:     4   Next: 15%
Magic:  3/3        EV: 13    Int:  7    God:
Gold:   20         SH:  0    Dex: 21    Spells: 3/3 levels left

rFire   . . .      SeeInvis .   i - +1 dagger (vamp)
rCold   + . .      Faith    .   (no shield)
rNeg    . . .      Spirit   .   n - +0 ring mail
rPois   .          Reflect  .   (helmet restricted)
rElec   .          Harm     .   (no cloak)
rCorr   .          Rampage  .   (no gloves)
Will    .....                   (no boots)
Stlth   ++........              (no amulet)
HPRegen 0.13/turn               e - +6 ring of dexterity
MPRegen 0.08/turn               k - ring of protection from cold

@: no status effects
A: horns 2, retaliatory headbutt
a: no special abilities


You were on level 4 of the Dungeon.
You visited 1 branch of the dungeon, and saw 3 of its levels.

You collected 40 gold pieces.
You spent 20 gold pieces at shops.

Inventory:

Hand Weapons
 a - a +0 hand axe
 i - a +1 vampiric dagger (weapon)
 m - a +0 hunting sling
Missiles
 c - 25 stones (quivered)
Armour
 b - a +0 robe
 f - a +0 leather armour
 n - a +0 ring mail (worn)
Jewellery
 e - a +6 ring of dexterity (left hand)
 k - a ring of protection from cold (right hand)
Scrolls
 g - 3 scrolls of identify
 l - a scroll of amnesia {unknown}
 o - a scroll of magic mapping {unknown}
Potions
 d - 2 potions of mutation {unknown}
 h - a potion of heal wounds {unknown}
 j - a potion of brilliance {unknown}
 p - a potion of curing {unknown}


   Skills:
 + Level 4.4 Fighting
 + Level 0.4 Short Blades
 + Level 4.5 Axes
 + Level 0.9 Armour
 + Level 3.8 Dodging
 + Level 1.9 Stealth


You had 3 spell levels left.
You didn't know any spells.
Your spell library contained the following spells:

 Spells                   Type           Power      Damage    Failure   Level
 Apportation              Tloc           0%         N/A       67%         1
 Alistair's Intoxication  Tmut/Pois      0%         N/A       100%        5


Dungeon Overview and Level Annotations

Branches:
Dungeon (2/15)

Altars:

Shops:
D:1 ?   D:2 ?


Innate Abilities, Weirdness & Mutations

You have a pair of horns on your head.
You reflexively headbutt those who attack you in melee.


Message History

The iguana barely misses you. You furiously retaliate!
You headbutt the iguana, but do no damage.
You hit the iguana.
The iguana is lightly wounded.
The iguana bites you.
You barely miss the iguana.
The iguana is lightly wounded.
The iguana closely misses you.
You hit the iguana.
You feel better.
The iguana is moderately wounded.
The iguana barely misses you.
You completely miss the iguana.
The iguana is moderately wounded.
The iguana completely misses you.
You closely miss the iguana.
The iguana is moderately wounded.
The iguana bites you!
You hit the iguana but do no damage.
The iguana is moderately wounded.
You hit the iguana.
You feel better.
The iguana is heavily wounded.
The iguana barely misses you. You furiously retaliate!
You headbutt the iguana, but do no damage.
You hit the iguana but do no damage.
The iguana is heavily wounded.
The iguana barely misses you.
You hit the iguana but do no damage.
The iguana is heavily wounded.
The iguana bites you!
You hit the iguana but do no damage.
The iguana is heavily wounded.
The iguana bites you.
You barely miss the iguana.
The iguana is heavily wounded.
The iguana bites you!
* * * LOW HITPOINT WARNING * * *
You hit the iguana but do no damage. You punch the iguana, but do no damage.
The iguana is heavily wounded.
The iguana bites you!
You die...

#### #...##
#.....# ....?..
####.......
#..........
#..........
#...# #.@##
......l.....:..
.#####.#.###.##
#. .# #. .# #.
.# #. .# #. .#


You could see an iguana.

Vanquished Creatures
  4 adders (D:2)
  An adder skeleton (D:2)
  A dart slug (D:1)
  5 endoplasms
  6 goblins
  A hobgoblin (D:1)
  A quokka (D:2)
  4 ball pythons
  3 bats
  4 frilled lizards
  5 kobolds
  4 rats
39 creatures vanquished.

Notes
Turn   | Place    | Note
-------+----------+-------------------------------------------
     0 | D:1      | issech the Minotaur Monk began the quest for the Orb.
     0 | D:1      | Reached XP level 1. HP: 19/19 MP: 0/0
   259 | D:1      | Found a faded altar of an unknown god.
   281 | D:1      | Reached XP level 2. HP: 20/27 MP: 1/1
   491 | D:1      | Found Xutul's Magic Scroll Boutique.
  1088 | D:1      | Bought a scroll of identify for 20 gold pieces
  1298 | D:2      | Reached XP level 3. HP: 30/33 MP: 2/2
  1557 | D:2      | Found Huajud's Magic Scroll Boutique.
  1763 | D:2      | Reached XP level 4. HP: 41/41 MP: 3/3
  1826 | D:2      | You fall into a shaft and drop 2 floors!
  1839 | D:4      | Slain by an iguana

Illustrated notes

Levels and vault maps discovered:
D:1:      dpeg_arrival_three_bigger_balls, layout_basic, serial_shops, shop,
          hellmonk_ecumenical_altar_arch_garden
D:2:      layout_rooms, serial_shops, nicolae_shop_hallway_plus
D:4:      layout_loops_ring, nicolae_elevator_lobby_plus

Skill      XL: |  1  2 |
---------------+-------+-----
Fighting       | 4 |  4.4
Axes           | 4 |  4.5
Short Blades   | |  0.4
Armour         | |  0.9
Dodging        | |  3.8
Stealth        | |  1.9

Action                   |  1- 3 |  4- 6 || total
-------------------------+-------+-------++-------
Melee: Hand axe          |    29 |       ||    29
       Headbutt          |     9 |       ||     9
       Dagger            |    38 |    18 ||    56
       Punch             |       |     1 ||     1
 Stab: Sleeping          |     4 |       ||     4
Armor: Robe              |     2 |       ||     2
       Leather armour    |     6 |       ||     6
       Ring mail         |     1 |     3 ||     4
Dodge: Dodged            |    41 |     9 ||    50
